 Dungeon Crawl Stone Soup version 0.25.1-2-g60ff931df9 (webtiles) character file.

Game seed: 16806508541736600333

157 H0rd4k the Insei (level 5, 0/33 HPs)
             Began as an Octopode Transmuter on Aug 27, 2020.
             Succumbed to an adder's poison
             ... on level 2 of the Dungeon.
             The game lasted 00:01:47 (2390 turns).

H0rd4k the Insei (Octopode Transmuter)              Turns: 2390, Time: 00:01:47

Health: 0/33       AC:  1    Str:  9    XL:     5   Next: 38%
Magic:  9/9        EV: 14    Int: 16    God:
Gold:   53         SH:  0    Dex: 13    Spells: 6/9 levels left

rFire    . . .     SeeInvis .     - Unarmed
rCold    . . .     Gourm    .   (no shield)
rNeg     . . .     Faith    .   (helmet restricted)
rPois    .         Spirit   .   (no amulet)
rElec    .         Reflect  .   (no ring)
rCorr    .         Harm     .   (no ring)
MR       .....                  (no ring)
Stlth    +++.......             (no ring)
HPRegen  0.11/turn              (no ring)
MPRegen  0.11/turn              (no ring)
                                (no ring)
                                (no ring)

@: lethally poisoned (0 -> -1), stab
A: almost no armour, stealthy swim, amphibious, 8 rings, constrict 8, camouflage
1, gelatinous body 1
a: no special abilities


You were on level 2 of the Dungeon.
You were hungry.

You visited 1 branch of the dungeon, and saw 2 of its levels.

You collected 53 gold pieces.

Inventory:

Missiles
 a - 33 arrows
Scrolls
 b - a scroll of amnesia {unknown}
 e - a scroll of remove curse {unknown}
 g - a scroll of fog {unknown}
 h - 2 scrolls of identify {unknown}
 i - a scroll of teleportation {unknown}
 k - a scroll of fear {unknown}
Potions
 j - 2 potions of magic {unknown}
Comestibles
 c - 3 rations
 f - 5 chunks of flesh


   Skills:
 + Level 1.3 Fighting
 + Level 2.5 Dodging
 + Level 2.2 Stealth
 + Level 4.4 Unarmed Combat
 * Level 2.6 Spellcasting
 * Level 2.7 Transmutations


You had 6 spell levels left.
You knew the following spells:

 Your Spells              Type           Power        Failure   Level  Hunger
a - Beastly Appendage     Tmut           ##....       6%          1    #......
b - Sticks to Snakes      Tmut           ##......     10%         2    ##.....

Your spell library contained the following spells:

 Spells                   Type           Power        Failure   Level  Hunger
 Spider Form              Tmut/Pois      #.........   32%         3    ###....
 Ice Form                 Ice/Tmut       #.......     73%         4    #####..
 Blade Hands              Tmut           ##........   87%         5    ######.


Dungeon Overview and Level Annotations

Branches:
Dungeon (2/15)

Altars:

Annotations:
D:1 exclusion: downstairs


Innate Abilities, Weirdness & Mutations

You cannot wear most types of armour.
You are very stealthy in the water. (Stealth+)
You are amphibious.
You can wear up to eight rings at the same time.
You can use your tentacles to constrict eight enemies at once.
Your skin changes colour to match your surroundings (Stealth+).
Your rubbery body absorbs attacks. (AC +1, EV +1)


Message History

The ooze moves out of view.
A bat comes into view.
The hobgoblin closely misses you.
The bat hits you but does no damage. x2; The ooze misses you.
You feel sick. The bat misses you. The bat closely misses you.
The ooze hits you but does no damage. The bat barely misses you.
The bat closely misses you. The bat barely misses you.
The bat closely misses you.
You feel sick. The bat misses you. The bat hits you.
* * * LOW HITPOINT WARNING * * *
The bat barely misses you. The bat barely misses you. The bat hits you.
* * * LOW HITPOINT WARNING * * *
The bat hits you.
* * * LOW HITPOINT WARNING * * *
Found a stone staircase leading down.
It was a potion of stabbing.
You feel ready to backstab.
You die...

##.#..#
#.####........g.......
#.#..#
#.#.........##$..#.###
#.#..# ...........#.s.##
# #.#..#
#.......$.#.##..
#)#..##..#.###..s####.
.#. #.......###......#
#. .. #
##.##.#.#.#.###.gJ# #.
##. ##.##..# ##b#####..
.. ......## #@.......
##.##..# #>.............
##.##.#.#.############.#
..รท)....... #.#####.###
#[# #.# ..# ### .


You could see an ooze, a giant cockroach, a hobgoblin and a bat.

Vanquished Creatures
  Terence (D:2)
  Natasha (D:2)
  4 gnolls (D:2)
  2 adders (D:2)
  A worm (D:2)
  2 dart slugs (D:2)
  3 bats (D:2)
  6 hobgoblins
  8 jackals (D:1)
  A quokka (D:2)
  2 frilled lizards (D:2)
  4 goblins
  2 kobolds (D:1)
  8 rats
45 creatures vanquished.

Notes
Turn   | Place    | Note
-------+----------+-------------------------------------------
     0 | D:1      | H0rd4k the Octopode Transmuter began the quest for the Orb.
     0 | D:1      | Reached XP level 1. HP: 13/13 MP: 3/3
   446 | D:1      | Reached XP level 2. HP: 12/18 MP: 5/5
  1039 | D:1      | Learned a level 2 spell: Sticks to Snakes
  1070 | D:2      | Reached XP level 3. HP: 23/23 MP: 4/6
  1490 | D:2      | Reached XP level 4. HP: 17/28 MP: 5/7
  1503 | D:2      | Reached skill level 1 in Stealth
  1961 | D:2      | Noticed Terence
  1973 | D:2      | Killed Terence
  1973 | D:2      | Reached skill level 4 in Unarmed Combat
  2126 | D:2      | Reached XP level 5. HP: 24/33 MP: 8/8
  2347 | D:2      | Noticed Natasha
  2366 | D:2      | Killed Natasha
  2389 | D:2      | HP: 1/33 [bat (1)]
  2390 | D:2      | Succumbed to an adder's poison

Illustrated notes

Levels and vault maps discovered:
D:1:      dpeg_arrival_ratfight, layout_loops_ring
D:2:      cheibrodos_greedy_goblins, layout_loops_ring, item_on_display_a,
          uniq_crazy_yiuf_cottage, uniq_terence, uniq_natasha

Skill      XL: |  1  2  3  4 |
---------------+-------------+-----
Stealth        | 2 |  2.2
Unarmed Combat | 4 |  4.4
Fighting       | |  1.3
Dodging        | |  2.5
Spellcasting   | |  2.6
Transmutations | |  2.7

Action                   |  1- 3 |  4- 6 || total
-------------------------+-------+-------++-------
Melee: Unarmed           |    59 |    60 ||   119
       Constrict         |    18 |    12 ||    30
       Tentacles         |     9 |     8 ||    17
       Kick              |     2 |     2 ||     4
       Punch             |     2 |     3 ||     5
 Cast: Beastly Appendage |     2 |     1 ||     3
  Use: Potion            |       |     1 ||     1
 Stab: Sleeping          |     5 |     4 ||     9
  Eat: Chunk             |     2 |     2 ||     4
Armor: Skin              |     2 |     5 ||     7
Dodge: Dodged            |    26 |    38 ||    64
